 Dungeon Crawl Stone Soup version 0.30.1-3-gfc49f6343a (webtiles) character file.

Game seed: 6447749682015473120

77 spardeous the Conjurer (level 3, -1/26 HPs)
             Began as a Demigod Conjurer on Aug 3, 2023.
             Slain by Terence
             ... wielding a +0 flail
              (7 damage)
             ... on level 2 of the Dungeon.
             The game lasted 00:01:25 (1934 turns).

spardeous the Conjurer (Demigod Conjurer)           Turns: 1934, Time: 00:01:26

Health: -1/26      AC:  2    Str:  8    XL:     3   Next: 92%
Magic:  10/10      EV: 12    Int: 24    God:
Gold:   184        SH:  0    Dex: 12    Spells: 6/7 levels left

rFire   . . .        (no weapon)
rCold   . . .        (no shield)
rNeg    . . .        a - +0 robe
rPois   .            (no helmet)
rElec   .            (no cloak)
rCorr   .            (no gloves)
SInv    .            (no boots)
Will    .....        (no amulet)
Stlth   ++           (no ring)
HPRegen 0.24/turn    (no ring)
MPRegen 0.12/turn

%: no passive effects
@: no status effects
A: high MP 1, forlorn, divine attributes
a: no special abilities


You were on level 2 of the Dungeon.
You visited 1 branch of the dungeon, and saw 3 of its levels.

You collected 184 gold pieces.

Inventory:

Armour
 a - a +0 robe (worn)
Jewellery
 n - a ring of positive energy
Scrolls
 c - 7 scrolls of identify {unknown}
 d - a scroll of brand weapon {unknown}
 e - a scroll of enchant weapon {unknown}
 f - 3 scrolls of poison
 g - a scroll of silence {unknown}
 i - 3 scrolls of vulnerability {unknown}
 j - a scroll of teleportation {unknown}
 m - a scroll of magic mapping {unknown}
 o - a scroll of enchant armour {unknown}
Potions
 b - a potion of magic
 h - a potion of heal wounds {unknown}
 k - a potion of ambrosia {unknown}
 l - 2 potions of mutation {unknown}


   Skills:
 - Level 1.7 Dodging
 - Level 1.7 Stealth
 + Level 2.9 Spellcasting
 + Level 4.4 Conjurations


You had 6 spell levels left.
You knew the following spells:

 Your Spells              Type           Power      Damage    Failure   Level
a - Magic Dart            Conj           100%       1d8       1%          1

Your spell library contained the following spells:

 Spells                   Type           Power      Damage    Failure   Level
 Searing Ray              Conj           50%        2d6       2%          2
 Dazzling Flash           Conj/Hex       28%        N/A       13%         3
 Fulminant Prism          Conj/Hex       7%         3d6       41%         4
 Iskenderun's Mystic Bla  Conj/Tloc      14%        2d5       41%         4


Dungeon Overview and Level Annotations

Branches:
Dungeon (3/15)

Annotations:
D:2 Terence


Innate Abilities, Weirdness & Mutations

You have an increased reservoir of magic. (+10% MP)
You shall have no god before yourself.
Your divine heritage dramatically boosts your attributes as you level up.


Message History

Casting: Magic Dart (safe; 1% risk of failure)
Confirm with . or Enter, or press ? or * to list all spells.
Aiming: Magic Dart (safe; 1% risk of failure)
Press: ? - help, Shift-Dir - straight line, f - ball python
Aim: a ball python (asleep, 100% to hit)
The magic dart hits the ball python.
You kill the ball python!
You now have 9/10 mp.
Terence the Incautious comes into view.
He is wielding a +0 flail.
Casting: Magic Dart (safe; 1% risk of failure)
Confirm with . or Enter, or press ? or * to list all spells.
Aiming: Magic Dart (safe; 1% risk of failure)
Press: ? - help, Shift-Dir - straight line, f - Terence
Aim: Terence, wielding a +0 flail and wearing a +0 scale mail (asleep, 100% to hit)
The magic dart hits Terence.
Terence is lightly wounded.
Terence shouts!
Casting: Magic Dart (safe; 1% risk of failure)
Confirm with . or Enter, or press ? or * to list all spells.
You don't know that spell.
Unknown command.
Terence attacks as you move away! Terence completely misses you.
Terence attacks as you move away! Terence hits you with a +0 flail!
There is a stone staircase leading up here.
You take 11 damage, and have 15/26 hp.
MASSIVE DAMAGE!!
Terence misses you.
You climb upwards.
There is a stone staircase leading down here.
Terence attacks as you move away! Terence closely misses you.
MP restored: 10 Terence attacks as you move away!
Terence closely misses you. Terence attacks as you move away!
Terence hits you with a +0 flail!
* * * LOW HITPOINT WARNING * * *
You take 12 damage, and have 5/26 hp.
MASSIVE DAMAGE!!
Terence attacks as you move away! Terence barely misses you.
Okay, then.
The air fills with toxic fumes!
As you read the scroll labelled KEOGAC TELA, it crumbles to dust.
It was a scroll of poison.
Terence hits you with a +0 flail!
You die...

##.#........###....÷....#####
#.########## ###...........#
#.### ##...######.# #...#
#...# #.# ###)# #..## #.# #.#
#..# #.# #.# ####### #.§# #.#
####.# #§§§§§###§§#######.###
.....# #.###§@@§§§§§§§......#
###### #.# ######§§##§....#.#
#.# #..##.#####.# #>#
##..##.#####.# #.#
#..........#.#
#.#######...##.###.#.#
#.##........##.# #.#.##
#.##......#.##.# #....##
#.##.###....##.###<....#


You could see Terence.

Vanquished Creatures
  4 adders
  2 dart slugs (D:2)
  An orc (D:3)
  2 endoplasms (D:1)
  3 giant cockroaches
  4 goblins
  5 hobgoblins
  A kobold (D:1)
  A quokka (D:1)
  5 ball pythons
  4 bats
  A frilled lizard (D:2)
  3 rats
36 creatures vanquished.

Notes
Turn   | Place    | Note
-------+----------+-------------------------------------------
     0 | D:1      | spardeous the Demigod Conjurer began the quest for the Orb.
     0 | D:1      | Reached XP level 1. HP: 14/14 MP: 5/5
   327 | D:1      | Reached XP level 2. HP: 20/20 MP: 3/7
   629 | D:1      | Reached skill level 4 in Conjurations
  1012 | D:2      | Reached XP level 3. HP: 26/26 MP: 7/9
  1917 | D:3      | Noticed Terence
  1934 | D:2      | Slain by Terence

Illustrated notes

Levels and vault maps discovered:
D:1:      lemuel_arrival_river_ford, layout_rooms
D:2:      layout_loops_ring, hellmonk_ecumenical_altar_leap_of_faith
D:3:      layout_rooms, minmay_overflow_temple_star_quad,
          mainiacjoe_overflow_alcove_4, minmay_misc_feat_doors, uniq_terence

Skill      XL: |  1  2 |
---------------+-------+-----
Spellcasting   | 2 |  2.9
Conjurations   | 4 |  4.4
Dodging        | |  1.7
Stealth        | |  1.7

Action                     || total
---------------------------++-------
  Melee: Unarmed           ||     2
   Cast: Magic Dart        ||    80
    Use: Scroll            ||     1
  Dodge: Dodged            ||    12
